 Dungeon Crawl Stone Soup version 0.26-a0-834-g69557b85cc (webtiles) character file.

Game seed: 13708458244487541485

2912 mhtbhm the Blocker (level 9, 0/55 HPs)
             Began as a Gargoyle Fighter on Nov 16, 2020.
             Was a Follower of the Shining One.
             Slain by a two-headed ogre
             ... wielding a +0 giant club
              (15 damage)
             ... on level 8 of the Dungeon.
             The game lasted 00:12:01 (7782 turns).

mhtbhm the Blocker (Gargoyle Fighter)               Turns: 7782, Time: 00:12:02

Health: 0/55       AC: 22    Str: 23    XL:     9   Next: 78%
Magic:  9/9        EV:  6    Int:  9    God:    the Shining One [*.....]
Gold:   129        SH: 11    Dex:  9    Spells: 8/8 levels left

rFire    . . .     SeeInvis .   a - +0 flail
rCold    . . .     Faith    .   c - +0 kite shield
rNeg     + . .     Spirit   .   b - +0 plate armour
rPois    ∞         Reflect  .   y - +0 helmet
rElec    +         Harm     .   e - +0 cloak
rCorr    .         Rampage  .   i - +0 pair of gloves
MR       .....                  (no boots)
Stlth    ..........             (no amulet)
HPRegen  0.18/turn              (no ring)
MPRegen  0.11/turn              (no ring)

@: glowing
A: negative energy resistance 1, electricity resistance, unbreathing,
petrification resistance, rot immunity, AC +6
a: Renounce Religion


You were on level 8 of the Dungeon.
You worshipped the Shining One.
The Shining One was aware of your devotion.
You visited 2 branches of the dungeon, and saw 10 of its levels.
You also visited: Ossuary.

You collected 298 gold pieces.
You spent 169 gold pieces at shops.

Inventory:

Hand Weapons
 a - a +0 flail (weapon)
Armour
 b - a +0 plate armour (worn)
 c - a +0 kite shield (worn)
 e - a +0 cloak (worn)
 i - a +0 pair of gloves (worn)
 y - a +0 helmet (worn)
Jewellery
 h - a cursed ring of attention {unknown}
Wands
 g - a wand of paralysis (7)
 k - a wand of enslavement (11)
 t - a wand of disintegration (7)
 z - a wand of digging (5)
Scrolls
 j - 5 scrolls of remove curse
 m - 2 scrolls of teleportation
 q - 2 scrolls of amnesia
 r - 3 scrolls of enchant weapon {unknown}
 u - 2 scrolls of enchant armour {unknown}
 v - 2 scrolls of fear {unknown}
 w - a scroll of magic mapping
 x - 2 scrolls of immolation {unknown}
 A - a scroll of blinking
Potions
 d - a potion of might
 f - a potion of mutation
 l - 2 potions of haste
 n - a potion of invisibility
 o - a potion of heal wounds {unknown}
 p - 2 potions of curing
 s - a potion of berserk rage {unknown}


   Skills:
 + Level 5.7 Fighting
 + Level 8.6 Maces & Flails
 + Level 5.9 Armour
 + Level 2.0 Dodging
 + Level 2.1 Stealth
 + Level 8.6 Shields
 + Level 0.7 Evocations


You had 8 spell levels left.
You didn't know any spells.
Your spell library contained the following spells:

 Spells                   Type           Power        Failure   Level
 Magic Dart               Conj           #...         100%        1
 Searing Ray              Conj           #.....       100%        2
 Dazzling Flash           Conj/Hex       #.....       100%        3
 Fulminant Prism          Conj/Hex       #.........   100%        4
 Iskenderun's Mystic Bla  Conj/Tloc      #.......     100%        4
 Bolt of Magma            Conj/Fire/Erth #.........   100%        5
 Iskenderun's Battlesphe  Conj           #.......     100%        5
 Iron Shot                Conj/Erth      #.........   100%        6
 Orb of Destruction       Conj           #.........   100%        7
 Spellforged Servitor     Conj/Summ      #.........   100%        7


Dungeon Overview and Level Annotations

Branches:
Dungeon (9/15)             Temple (1/1) D:5         Ossuary (visited)
   Lair: D:8-11         Orc: D:9-12

Altars:
Ashenzari
Cheibriados
Dithmenos
Elyvilon
Fedhas
Hepliaklqana
Kikubaaqudgha
Makhleb
Nemelex Xobeh
Okawaru
Qazlal
Ru
Sif Muna
Trog
Uskayaw
Vehumet
Xom
Yredelemnul
Zin
The Shining One

Shops:
D:5 (


Innate Abilities, Weirdness & Mutations

You are resistant to torment.
Your stone body is resilient. (AC +6)
You are immune to poison.
You resist negative energy. (rN+)
You are resistant to electric shocks. (rElec)
You can survive without breathing.
You are immune to petrification.
You are immune to rotting.


Message History

The two-headed ogre is lightly wounded.
You block the gnoll sergeant's attack. The two-headed ogre barely misses you.
You block the two-headed ogre's attack.
You hit the two-headed ogre but do no damage.
The two-headed ogre is lightly wounded.
The gnoll sergeant hits you from afar with a +2 spear of freezing.
The gnoll sergeant freezes you.
You hit the two-headed ogre.
The two-headed ogre is lightly wounded.
You block the two-headed ogre's attack. x2
You block the gnoll sergeant's attack.
You hit the two-headed ogre.
The two-headed ogre is moderately wounded.
The gnoll sergeant hits you from afar with a +2 spear of freezing.
The gnoll sergeant freezes you.
The two-headed ogre hits you with a +0 giant club!
The two-headed ogre hits you with a +0 giant spiked club!
* * * LOW HITPOINT WARNING * * *
The two-headed ogre hits you with a +0 giant club!
You die...

.......# #..##.##.# ##.###
#####^.# #..##.##.####.#### #
#..# #........#.......# #
#..# ##'##.####.##.##.### #
#..###...#.# #.........#
#####..##......# #.##.##.#.#
..............g## #.#.....# #
...####.......gO###.....#.#
......+........g@>.......#..
...####.........###.....#.#.#
#..# ##.......## #.........#
##.# ##.....## ######.####
#..# ##...## .# #.##
######'## .# #.# #>......#
#.# #(......# #.# #.......##


You could see a two-headed ogre, a gnoll sergeant and 2 gnolls.

Vanquished Creatures
  Menkaure (D:4)
  A black bear (D:7)
  2 sky beasts
  3 ogres
  A phantom (D:4)
  2 centaurs
  A bullfrog (D:7)
  A gnoll sergeant (D:8)
  A water moccasin zombie (Ossuary)
  2 scorpions
  A wyvern skeleton (D:8)
  6 killer bees (D:7)
  4 wights (D:7)
  An electric eel (D:6)
  A bullfrog zombie (D:5)
  A bullfrog skeleton (D:5)
  3 hounds
  A centaur skeleton (D:7)
  An orc priest (D:6)
  A jelly (D:5)
  A gnoll shaman (D:7)
  An iguana (D:3)
  8 orc wizards
  5 worker ants
  5 big kobold zombies (Ossuary)
  A hound skeleton (D:4)
  A hound zombie (D:5)
  2 mummies (Ossuary)
  A worker ant zombie (D:6)
  9 gnolls
  11 adders
  A shadow imp (D:8)
  A white imp (D:5)
  4 ufetubi
  3 oozes
  7 adder zombies
  4 worms
  3 dart slugs (D:2)
  7 leopard geckos
  20 orcs
  A ball python (D:1)
  6 bats
  3 giant cockroaches
  12 goblins
  8 hobgoblins
  9 jackals
  10 kobolds
  3 quokkas
  7 frilled lizards
  A gnoll zombie (D:4)
  3 hobgoblin zombies (Ossuary)
  5 kobold zombies (Ossuary)
  A leopard gecko skeleton (D:9)
  6 orc zombies (Ossuary)
  11 rats
  2 rat zombies (D:4)
218 creatures vanquished.

Vanquished Creatures (others)
  5 plants (D:2)
5 creatures vanquished.

Grand Total: 223 creatures vanquished

Notes
Turn   | Place    | Note
-------+----------+-------------------------------------------
     0 | D:1      | mhtbhm the Gargoyle Fighter began the quest for the Orb.
     0 | D:1      | Reached XP level 1. HP: 14/14 MP: 1/1
   113 | D:1      | Reached XP level 2. HP: 15/19 MP: 2/2
   498 | D:1      | Reached XP level 3. HP: 22/23 MP: 3/3
   962 | D:2      | Reached XP level 4. HP: 28/28 MP: 4/4
  1467 | D:2      | Reached XP level 5. HP: 19/33 MP: 5/5
  1738 | D:2      | Found a sparkling altar of Nemelex Xobeh.
  2041 | D:3      | Found a hazy altar of Hepliaklqana.
  2115 | D:3      | Reached skill level 1 in Dodging
  2403 | D:3      | Reached XP level 6. HP: 36/38 MP: 6/6
  2832 | D:4      | Found a blossoming altar of Fedhas.
  2882 | D:4      | Found a sand-covered staircase.
  2898 | Ossuary  | Entered an ossuary
  3098 | Ossuary  | Reached skill level 5 in Maces & Flails
  3203 | Ossuary  | Reached XP level 7. HP: 42/42 MP: 7/7
  3305 | D:4      | Found a sacrificial altar of Ru.
  3309 | D:4      | Found a burning altar of Makhleb.
  3713 | D:4      | Reached skill level 5 in Shields
  3724 | D:4      | HP: 2/43 [phantom (4)]
  3737 | D:5      | Entered Level 5 of the Dungeon
  3756 | D:5      | HP: 2/43 [bullfrog zombie (2)]
  3820 | D:5      | Reached skill level 1 in Stealth
  4074 | D:4      | Reached XP level 8. HP: 40/48 MP: 8/8
  4172 | D:4      | Noticed Menkaure
  4186 | D:4      | Killed Menkaure
  4193 | D:4      | Found a sparkling altar of Nemelex Xobeh.
  4569 | D:4      | You fall into a shaft and drop 3 floors!
  4941 | D:6      | Reached skill level 5 in Armour
  5191 | D:6      | Found a broken altar of Ashenzari.
  5227 | D:6      | Found a shimmering blue altar of Sif Muna.
  5701 | D:5      | Reached XP level 9. HP: 52/53 MP: 9/9
  5725 | D:5      | Reached skill level 5 in Fighting
  5904 | D:5      | Found Girec's Antique Weapon Shop.
  5913 | D:5      | Bought a glowing flail for 169 gold pieces
  5931 | D:5      | Found a staircase to the Ecumenical Temple.
  6012 | Temple   | Entered the Ecumenical Temple
  6132 | Temple   | Became a worshipper of the Shining One
  6393 | D:7      | Found a basalt altar of Yredelemnul.
  6764 | D:7      | Found a hazy altar of Hepliaklqana.
  7051 | D:7      | Found a hide-covered altar of Uskayaw.
  7055 | D:7      | Found a bloodstained altar of Trog.
  7060 | D:7      | Found a glowing silver altar of Zin.
  7089 | D:7      | Found a white marble altar of Elyvilon.
  7429 | D:8      | Reached * piety under the Shining One
  7527 | D:8      | Noticed a two-headed ogre
  7782 | D:8      | Slain by a two-headed ogre

Illustrated notes

Levels and vault maps discovered:
D:1:      nzn_arrival_crosshair, layout_loops_ring
D:2:      layout_rooms, serial_forest, infiniplex_forest_clump_long,
          infiniplex_forest_clump_small, infiniplex_forest_clump_small,
          infiniplex_forest_end_2, infiniplex_forest_straight_4,
          infiniplex_forest_clump_long, infiniplex_forest_clump_tiny,
          infiniplex_forest_corner_1, minmay_misc_feat_tower,
          nemelex_dance_club_becter
D:3:      minmay_evil_eye, layout_loops_ring, lemuel_crystal_altar
D:4:      layout_loops_ring, grunt_temple_overflow_open,
          lemuel_coloured_pillars_altar, enter_ossuary_3,
          fedhas_bush_and_centaur_altar, uniq_menkaure
D:5:      layout_rooms, minmay_temple_entry_statues_fountains, serial_shops,
          shop
D:6:      layout_basic, ashenzari_conservatory_becter, led_sif_book,
          nrook_loot_triangle, minivault_4
D:7:      layout_basic, kennysheep_ying_yang, minmay_overflow_temple_star_quad,
          basic_altar
D:8:      minmay_quarter_circles, layout_loops_corners,
          nicolae_gozag_seed_capital
D:9:      layout_basic, general_overflow_altar, serial_shops, shop,
          kennysheep_generic_room_15
Temple:   nicolae_temple_figure_zero

Skill      XL: |  1  2  3  4  5  6  7  8  9 |
---------------+----------------------------+-----
Maces & Flails | 3 4 5 6 7 8 |  8.6
Shields        | 4 5 6 8 |  8.6
Armour         | 4 5 |  5.9
Dodging        | 1 2 |  2.0
Fighting       | 4 5 |  5.7
Stealth        | 1 2 |  2.1
Evocations     | |  0.7

Action                   |  1- 3 |  4- 6 |  7- 9 || total
-------------------------+-------+-------+-------++-------
Melee: Flail             |   140 |   358 |   574 ||  1072
Evoke: Wand              |       |       |     9 ||     9
  Use: Scroll            |       |     5 |     9 ||    14
       Potion            |       |       |     6 ||     6
 Stab: Invisible         |       |       |     4 ||     4
Armor: Scale mail        |    76 |   204 |   100 ||   380
       Plate armour      |       |       |   344 ||   344
Dodge: Dodged            |    51 |   113 |   177 ||   341
Block: Kite shield       |    81 |   177 |   391 ||   649

Table legend: (Time is in decaauts)
 A = Elapsed time spent in this place.
 B = Non-inter-level travel time spent in this place.
 C = Inter-level travel time spent in this place.
 D = Time resting spent in this place.
 E = Time spent auto-exploring this place.
 F = Levels seen in this place.
 G = Mean time per level.
                   A        B        C        D        E       F      G
               +--------+--------+--------+--------+--------+-----+--------+
         Total |   7949 |   7865 |     84 |    751 |   4609 |  11 |  722.6 |
       Dungeon |   7387 |   7303 |     84 |    751 |   4307 |   9 |  820.8 |
        Temple |    131 |    131 |      0 |      0 |     93 |   1 |  131.0 |
       Ossuary |    430 |    430 |      0 |      0 |    209 |   1 |  430.0 |
               +--------+--------+--------+--------+--------+-----+--------+

Top non-repeatable levels by time:
     D:4: 1268 daAuts
     D:7: 1145 daAuts
     D:2: 1086 daAuts
     D:1: 975 daAuts
     D:5: 894 daAuts
     D:3: 832 daAuts
     D:6: 735 daAuts
 Ossuary: 430 daAuts
     D:8: 268 daAuts
     D:9: 180 daAuts
  Temple: 131 daAuts
